 Dungeon Crawl Stone Soup version 0.26.1-11-gd32895ea62 (webtiles) character file.

Game seed: 16812976614434297878

695 Almogavar the Bolt Thrower (level 7, 0/60 HPs)
             Began as a Minotaur Hunter on May 4, 2021.
             Slain by a sky beast (5 damage)
             ... on level 5 of the Dungeon.
             The game lasted 00:15:29 (5881 turns).

Almogavar the Bolt Thrower (Minotaur Hunter)        Turns: 5881, Time: 00:15:30

Health: 0/60       AC:  4    Str: 19    XL:     7   Next: 37%
Magic:  15/15      EV: 13    Int:  8    God:
Gold:   266        SH:  0    Dex: 10    Spells: 6/6 levels left

rFire    . . .     SeeInvis .   b - +0 short sword
rCold    . . .     Faith    .   (no shield)
rNeg     . . .     Spirit   .   c - +0 leather armour
rPois    +         Reflect  .   (helmet restricted)
rElec    .         Harm     .   (no cloak)
rCorr    .         Rampage  .   i - +0 pair of gloves
Will     .....                  (no boots)
Stlth    +.........             t - amulet of magic regeneration
HPRegen  0.20/turn              m - ring of poison resistance
MPRegen  0.39/turn              C - ring of magical power

@: confused
A: retaliatory headbutt, horns 2
a: no special abilities


You were on level 5 of the Dungeon.
You visited 1 branch of the dungeon, and saw 5 of its levels.
You also visited: Sewer.

You collected 266 gold pieces.

Inventory:

Hand Weapons
 a - a +1 hand crossbow
 b - a +0 short sword (weapon)
Missiles
 d - 15 bolts
Armour
 c - a +0 leather armour (worn)
 h - a +0 scale mail
 i - a +0 pair of gloves (worn)
 r - a +0 chain mail
Jewellery
 m - a ring of poison resistance (left hand)
 t - an amulet of magic regeneration (around neck)
 y - an uncursed ring of ice
 C - a ring of magical power (right hand)
Wands
 q - a wand of flame (12)
Scrolls
 e - a scroll of fog
 f - 4 scrolls of enchant weapon
 g - a scroll of fear {unknown}
 k - 3 scrolls of remove curse
 l - 4 scrolls of teleportation {unknown}
 v - a scroll of amnesia {unknown}
 A - a scroll of immolation {unknown}
 B - a scroll of magic mapping
Potions
 n - 4 potions of flight
 o - a potion of berserk rage
 p - 3 potions of curing {unknown}
 s - a potion of magic
 u - 3 potions of might {unknown}
 w - a potion of haste {unknown}
 x - a potion of heal wounds {unknown}
 z - a potion of lignification {unknown}


   Skills:
 + Level 4.3 Fighting
 + Level 4.9 Short Blades
 + Level 5.9 Crossbows
 + Level 4.1 Armour
 + Level 3.7 Dodging
 - Level 0.8 Stealth


You had 6 spell levels left.
You didn't know any spells.
Your spell library was empty.

Dungeon Overview and Level Annotations

Branches:
Dungeon (5/15)              Sewer (visited)
 Temple: D:4-7

Altars:
Fedhas
Qazlal

Shops:
D:4 [


Innate Abilities, Weirdness & Mutations

You reflexively headbutt those who attack you in melee.
You have a pair of horns on your head.


Message History

You barely miss something. Something hits you. Something shocks you.
Unknown command.
You completely miss something. You hit something. Something hits you.
* * * LOW HITPOINT WARNING * * *
Something shocks you.
* * * LOW HITPOINT WARNING * * *
You hit something. Something hits you but does no damage.
You hit something. You headbutt something!
Something hits you but does no damage.
Unknown command.
You closely miss something. Something hits you.
* * * LOW HITPOINT WARNING * * *
Something shocks you.
* * * LOW HITPOINT WARNING * * *
You are confused.
You feel invigorated. Something hits you.
* * * LOW HITPOINT WARNING * * *
Something shocks you.
You die...

##.##.....
#.........#....... .......
.)..##....#....... .......
).........#....... .....(
.................# ....##
..........#....... .....#
..#####... #....###....##
..# ...###....##......##
.## ........@.......... .##
##.)....#.......## ...
.##.....###.......# ### #..
........##........# ####..#
.........#.........
......##........##........#
.......##..............##(#
......####.............# ..
......#.............##....


There were no monsters in sight!

Vanquished Creatures
  Purgy (Sewer)
  A phantom (D:4)
  An ogre (D:5)
  A howler monkey (D:5)
  An orc priest (D:4)
  A hound (D:5)
  2 orc wizards (D:4)
  3 worker ants (D:4)
  4 adders
  A shadow imp (D:5)
  A white imp (D:5)
  An ufetubus (D:4)
  3 oozes (D:4)
  An adder skeleton (D:5)
  4 worms
  5 dart slugs
  A leopard gecko (D:3)
  12 orcs
  7 giant cockroaches
  4 goblins
  9 hobgoblins
  10 jackals
  2 quokkas (D:5)
  4 ball pythons
  6 bats
  10 frilled lizards
  2 jackal skeletons (D:5)
  7 kobolds
  6 rats
111 creatures vanquished.

Vanquished Creatures (others)
  A hobgoblin (D:3)
1 creature vanquished.

Grand Total: 112 creatures vanquished

Notes
Turn   | Place    | Note
-------+----------+-------------------------------------------
     0 | D:1      | Almogavar the Minotaur Hunter began the quest for the Orb.
     0 | D:1      | Reached XP level 1. HP: 18/18 MP: 0/0
   234 | D:1      | Reached XP level 2. HP: 22/25 MP: 1/1
   550 | D:1      | Reached skill level 5 in Crossbows
  1183 | D:2      | Reached XP level 3. HP: 30/30 MP: 2/2
  1256 | D:2      | Reached skill level 1 in Short Blades
  1395 | D:2      | Reached skill level 1 in Armour
  1928 | D:3      | Reached XP level 4. HP: 22/37 MP: 3/3
  2303 | D:3      | Found a stormy altar of Qazlal.
  3132 | D:4      | Found Utyak's Antique Armour Emporium.
  3232 | D:4      | Reached XP level 5. HP: 23/45 MP: 4/4
  3253 | D:4      | Found a glowing drain.
  3305 | Sewer    | Entered a sewer
  3532 | Sewer    | Noticed Purgy
  3551 | Sewer    | Killed Purgy
  3552 | Sewer    | Reached XP level 6. HP: 3/51 MP: 5/5
  4586 | D:4      | Found a blossoming altar of Fedhas.
  5362 | D:5      | Entered Level 5 of the Dungeon
  5374 | D:4      | Reached XP level 7. HP: 43/59 MP: 6/6
  5880 | D:5      | HP: 2/60 [something (5)]
  5881 | D:5      | Slain by a sky beast

Illustrated notes

Levels and vault maps discovered:
D:1:      matt_arrival_los_fun, layout_loops_corners
D:2:      layout_basic
D:3:      layout_loops_cross, nicolae_qazlal_general_emergency, serial_glass,
          glass_columns_a, glass_columns_a
D:4:      layout_basic, fedhas_altar_4, portal_sewer_entry_a, serial_shops,
          shop, kennysheep_cross_room
D:5:      layout_cave_pools, nemelex_lonely_heart_becter

Skill      XL: |  1  2  3  4  5  6  7 |
---------------+----------------------+-----
Crossbows      | 5 |  5.9
Short Blades   | 1 2 3 4 |  4.9
Armour         | 1 2 3 4 |  4.1
Fighting       | 3 4 |  4.3
Dodging        | 3 |  3.7
Stealth        | |  0.8

Action                   |  1- 3 |  4- 6 |  7- 9 || total
-------------------------+-------+-------+-------++-------
Melee: Short sword       |   100 |   197 |    57 ||   354
       Headbutt          |    17 |    28 |     9 ||    54
 Fire: Hand crossbow     |    10 |    21 |     7 ||    38
  Use: Scroll            |     6 |     6 |     1 ||    13
       Potion            |       |       |     1 ||     1
 Stab: Sleeping          |       |       |     1 ||     1
Armor: Leather armour    |    30 |    48 |    10 ||    88
Dodge: Dodged            |    67 |   109 |    34 ||   210
